 Dungeon Crawl Stone Soup version 0.17.0-28-g6e173f8 (webtiles) character file.

336 GeneralIdiocy the Insei (level 6, 0/38 HPs)
             Began as an Octopode Transmuter on Dec 3, 2015.
             Slain by a phantom (8 damage)
             ... on level 4 of the Dungeon.
             The game lasted 00:02:56 (1897 turns).

GeneralIdiocy the Insei (Octopode Transmuter)       Turns: 1897, Time: 00:02:56

Health: 0/38       AC:  2    Str: 11    XL:     6   Next: 54%
Magic:  9/9        EV: 19    Int: 16    God:
Gold:   164        SH:  0    Dex: 17    Spells: 3 memorised, 1 level left

rFire  . . .     SeeInvis .       - Unarmed
rCold  . . .     Clarity  .     (shield currently unavailable)
rNeg   . . .     SustAt   .     (helmet currently unavailable)
rPois  x         Gourm    .     (no amulet)
rElec  .         Spirit   .     j - ring of stealth
rCorr  .         Warding  .     (no ring)
rMut   .         Stasis   .     (no ring)
MR     .....                    (no ring)
Stlth  +++.......               (no ring)
                                (no ring)
                                (no ring)
                                (no ring)

@: spider-form (expiring), not resistant to hostile enchantments, fairly
stealthy
A: almost no armour, amphibious, 8 rings, (constrict 8), (camouflage 0),
(gelatinous body 0)
a: End Transformation


You were on level 4 of the Dungeon.
You were hungry.
You were a venomous arachnid creature.
You visited 1 branch of the dungeon, and saw 3 of its levels.

You collected 164 gold pieces.

Inventory:

Missiles
 a - 12 arrows
Jewellery
 j - a ring of stealth (left front leg)
Scrolls
 d - 2 scrolls of enchant weapon {unknown}
 e - a scroll of recharging {unknown}
 h - 2 scrolls of magic mapping {unknown}
 k - a scroll of fear {unknown}
 l - 2 scrolls of teleportation {unknown}
 p - a scroll of random uselessness {unknown}
 r - a scroll of identify {unknown}
Potions
 f - a potion of haste {unknown}
 g - a potion of magic
 i - a potion of might {unknown}
 m - a potion of heal wounds {unknown}
Books
 b - a book of Changes

   Spells                             Type                      Level
   a - Beastly Appendage              Transmutation                1
   b - Sticks to Snakes               Transmutation                2
   c - Spider Form                    Transmutation/Poison         3
   d - Ice Form                       Ice/Transmutation            4
   e - Blade Hands                    Transmutation                5
Comestibles
 c - 3 bread rations
 n - a meat ration
 o - a slice of pizza


   Skills:
 - Level 1.0 Fighting
 - Level 2.0 Dodging
 * Level 5.0 Unarmed Combat
 - Level 2.0 Spellcasting
 * Level 4.8 Transmutations
 + Level 2.4 Poison Magic


You had one spell level left.
You knew the following spells:

 Your Spells              Type           Power        Failure   Level  Hunger
a - Beastly Appendage     Trmt           ###...       12%         1    #......
b - Spider Form           Trmt/Pois      ##........   32%         3    ###....
c - Ice Form              Ice/Trmt       #.......     95%         4    #####..


Dungeon Overview and Level Annotations

Branches:
Dungeon (4/15)
 Temple: D:4-7

Altars:


Innate Abilities, Weirdness & Mutations

You cannot wear most types of armour.
You are amphibious.
You can wear up to eight rings at the same time.
((You can use your tentacles to constrict eight enemies at once.))
((Your skin changes colour to match your surroundings (Stealth).))
((Your rubbery body absorbs attacks (AC +1).))


Message History

You closely miss the phantom.
The phantom is moderately damaged.
The phantom hits you.
You bite the phantom!
The phantom is heavily damaged.
The phantom hits you.
You hit the phantom but do no damage.
The phantom is heavily damaged.
The phantom hits you.
* * * LOW HITPOINT WARNING * * *
You hit the phantom.
The phantom is heavily damaged.
The phantom blinks!
You hit the phantom.
The phantom is heavily damaged.
Drink which item? (? for menu, Esc to quit)
It was a potion of magic.
Magic courses through your body.
Your transformation is almost over.
The phantom hits you!
You die...

#+##+######........
.............###########
####.........#.....#...#
#.........#.....#...#
#.........#.....#...#
..........#..††.....#
..........####......#
.#+####.......§######
#......s.# #......W.#
+........# #..>.....#
#........# ..#########
..


You could see a phantom.

Vanquished Creatures
  An ogre (D:4)
  2 hounds (D:4)
  Terence (D:2)
  2 iguanas (D:4)
  2 worker ants (D:4)
  2 adders (D:2)
  A worm (D:4)
  A ball python (D:2)
  A giant cockroach (D:1)
  5 hobgoblins
  5 jackals (D:4)
  8 kobolds
  9 bats
  3 goblins (D:1)
  6 rats
49 creatures vanquished.

Notes
Turn   | Place    | Note
--------------------------------------------------------------
     0 | D:1      | GeneralIdiocy the Octopode Transmuter began the quest for the Orb.
     0 | D:1      | Reached XP level 1. HP: 13/13 MP: 3/3
   215 | D:1      | Reached XP level 2. HP: 18/18 MP: 5/5
   687 | D:2      | Reached XP level 3. HP: 23/23 MP: 6/6
   693 | D:2      | Learned a level 3 spell: Spider Form
   730 | D:2      | Noticed Terence
   741 | D:2      | Killed Terence
   835 | D:2      | Reached XP level 4. HP: 24/28 MP: 3/7
  1316 | D:2      | You fall through a shaft for 2 floors!
  1351 | D:4      | Reached skill level 4 in Unarmed Combat
  1401 | D:4      | Reached skill level 1 in Poison Magic
  1401 | D:4      | Reached XP level 5. HP: 30/33 MP: 0/8
  1519 | D:4      | Learned a level 4 spell: Ice Form
  1632 | D:4      | Reached XP level 6. HP: 24/38 MP: 5/9
  1635 | D:4      | Noticed an ogre
  1653 | D:4      | Killed an ogre
  1653 | D:4      | Reached skill level 5 in Unarmed Combat
  1877 | D:4      | Noticed a phantom
  1897 | D:4      | Slain by a phantom

Action                   |  1- 3 |  4- 6 || total
-------------------------+-------+-------++-------
Melee: Unarmed           |    67 |    74 ||   141
 Cast: Spider Form       |     2 |     9 ||    11
  Use: Potion            |       |     1 ||     1
 Stab: Sleeping          |     9 |     5 ||    14
  Eat: Chunk             |       |     4 ||     4
